 Dungeon Crawl Stone Soup version 0.23-a0-644-gb60d84b (webtiles) character file.

14 Borgoz the Skirmisher (level 2, -3/27 HPs)
             Began as a Hill Orc Abyssal Knight on Jan 1, 2019.
             Was a Follower of Lugonu.
             Slain by a gnoll
             ... wielding a +0 whip of pain
              (5 damage)
             ... on level 1 of the Dungeon.
             The game lasted 00:00:53 (219 turns).

Borgoz the Skirmisher (Hill Orc Abyssal Knight)      Turns: 219, Time: 00:00:54

Health: -3/27      AC:  3    Str: 14    XL:     2   Next: 45%
Magic:  3/3        EV: 11    Int: 12    God:    Lugonu [*.....]
Gold:   0          SH:  0    Dex: 10    Spells: 1/1 levels left

rFire    . . .     SeeInvis .   a - +1 hand axe
rCold    . . .     Gourm    .   (no shield)
rNeg     . . .     Faith    .   b - +0 leather armour
rPois    .         Spirit   .   (no helmet)
rElec    .         Reflect  .   (no cloak)
rCorr    .         Harm     .   (no gloves)
MR       .....                  (no boots)
Stlth    +.........             (no amulet)
HPRegen  0.09/turn              (no ring)
MPRegen  0.08/turn              (no ring)

@: no status effects
A: no striking features
a: Depart the Abyss, Renounce Religion


You were on level 1 of the Dungeon.
You worshipped Lugonu.
Lugonu was aware of your devotion.
You were not hungry.

You visited 1 branch of the dungeon, and saw 1 of its levels.
You visited the Abyss 1 time.

Inventory:

Hand Weapons
 a - a +1 hand axe (weapon)
Armour
 b - a +0 leather armour (worn)
Scrolls
 d - 2 scrolls of amnesia {unknown}
Potions
 e - a potion of curing {unknown}
Comestibles
 c - a ration
 f - 2 chunks of flesh


   Skills:
 + Level 4.2 Fighting
 + Level 2.9 Axes
 + Level 2.4 Armour
 + Level 0.8 Dodging
 + Level 2.5 Invocations


You had one spell level left.
You didn't know any spells.
Your spell library was empty.

Dungeon Overview and Level Annotations

Branches:
Dungeon (1/15)

Altars:


Message History

You hit the kobold but do no damage.
The kobold is severely wounded.
You hit the hobgoblin.
You kill the hobgoblin!
Lugonu accepts your kill. The kobold closely misses you.
You hit the kobold.
You kill the kobold!
Lugonu accepts your kill.
You hit the gnoll.
The gnoll is heavily wounded.
The gnoll hits you with a +0 whip of pain.
* * * LOW HITPOINT WARNING * * *
The gnoll hits you with a +0 whip of pain.
* * * LOW HITPOINT WARNING * * *
You aren't carrying any potions.
You see here a sapphire potion.
e - a sapphire potion The gnoll hits you with a +0 whip of pain.
You die...

#.......................
#.........))...........###
##..........(...##.........
#........g......##.........
......)#+######.(..........
......†(......#............
.....$)#......#............
.......#.g....#...........#
.......#..@...#.......###.
.......#......#.....÷.#
....####......#####...####.
....


....PPPPPPPPPP.PPPPPP ... .....PPPPPP..<..PPPPPP .......PPPP..PPPPP..PPPP
.......PPP.PPP...PPP.PPP .......PPP.PP.PPP.PP.PPP P.PP.PPgPP.PP.PP You could see
a gnoll.

Vanquished Creatures
  A dart slug (D:1)
  A giant cockroach (D:1)
  2 goblins (D:1)
  2 hobgoblins (D:1)
  A bat (D:1)
  2 kobolds (D:1)
  3 rats (D:1)
  A plant (D:1)
13 creatures vanquished.

Vanquished Creatures (others)
  2 plants (D:1)
2 creatures vanquished.

Grand Total: 15 creatures vanquished

Notes
Turn   | Place    | Note
-------+----------+-------------------------------------------
     0 | Abyss:1  | Borgoz the Hill Orc Abyssal Knight began the quest for the
                  | Orb.
     0 | Abyss:1  | Reached XP level 1. HP: 19/19 MP: 2/2
    48 | Abyss:1  | Noticed a shadow
    49 | D:1      | Escaped the Abyss
   126 | D:1      | Reached skill level 4 in Fighting
   130 | D:1      | Reached * piety under Lugonu
   130 | D:1      | Reached XP level 2. HP: 17/27 MP: 3/3
   215 | D:1      | HP: 1/27 [gnoll/+0 whip of pain (4)]
   219 | D:1      | Slain by a gnoll

Vault maps used:
D:1:      roderic_crop_circles_arrival_small, minmay_bisected

Skill      XL: |  1 |
---------------+----+-----
Fighting       | 4 |  4.2
Axes           | |  2.9
Armour         | |  2.4
Dodging        | |  0.8
Invocations    | |  2.5

Action                   || total
-------------------------++-------
Melee: Hand axe          ||    75
Invok: Depart the Abyss  ||     1
Armor: Leather armour    ||    11
Dodge: Dodged            ||    36

Table legend:
 A = Non-vault XP
 B = Vault XP
 C = Vault XP percentage of total XP
 D = Non-vault monster count
 E = Vault monster count
 F = Vault count percentage of total count
                 A         B        C        D         E       F
            +---------+---------+-------+---------+---------+-------
      Total |      18 |       3 |  14.3 |      10 |       2 |  16.7
            +---------+---------+-------+---------+---------+-------
        D:1 |      18 |       3 |  14.3 |      10 |       2 |  16.7
            +---------+---------+-------+---------+---------+-------
